 Dungeon Crawl Stone Soup version 0.27-a0-1188-g73eefd5def (webtiles) character file.

Game seed: 2219448615011316400

55 leviel the Slasher (level 3, -2/33 HPs)
             Began as a Hill Orc Monk on May 21, 2021.
             Slain by a goblin
             ... wielding a +1 dagger of venom
             ... led by Robin
              (6 damage)
             ... on level 2 of the Dungeon.
             The game lasted 00:02:30 (1724 turns).

leviel the Slasher (Hill Orc Monk)                  Turns: 1724, Time: 00:02:31

Health: -2/33      AC: 11    Str: 14    XL:     3   Next: 93%
Magic:  3/3        EV:  4    Int: 10    God:
Gold:   32         SH:  0    Dex: 13    Spells: 2/2 levels left

rFire    . . .     SeeInvis .   a - +0 falchion
rCold    . . .     Faith    .   (no shield)
rNeg     . . .     Spirit   .   i - +0 plate armour
rPois    .         Reflect  .   (no helmet)
rElec    .         Harm     .   (no cloak)
rCorr    .         Rampage  .   (no gloves)
Will     .....                  h - +0 pair of boots
Stlth    ..........             (no amulet)
HPRegen  0.11/turn              (no ring)
MPRegen  0.08/turn              (no ring)

@: silenced, on berserk cooldown, slowed, very slow
A: no striking features
a: no special abilities


You were on level 2 of the Dungeon.
You visited 1 branch of the dungeon, and saw 2 of its levels.

You collected 32 gold pieces.

Inventory:

Hand Weapons
 a - a +0 falchion (weapon)
Armour
 h - a +0 pair of boots (worn)
 i - a +0 plate armour (worn)
Scrolls
 f - a scroll of noise {unknown}
 g - a scroll of teleportation {unknown}


   Skills:
 + Level 4.0 Fighting
 + Level 4.2 Long Blades
 + Level 1.0 Armour
 + Level 2.7 Dodging
 + Level 1.8 Stealth


You had 2 spell levels left.
You didn't know any spells.
Your spell library contained the following spells:

 Spells                   Type           Power      Damage    Failure   Level
 Magic Dart               Conj           0%         1d3       100%        1
 Blink                    Tloc           N/A        N/A       100%        2
 Call Imp                 Summ           0%         N/A       100%        2
 Slow                     Hex            0%         N/A       100%        2
 Conjure Flame            Conj/Fire      0%         6-21      100%        3
 Mephitic Cloud           Conj/Pois/Air  0%         N/A       100%        3


Dungeon Overview and Level Annotations

Branches:
Dungeon (2/15)

Altars:

Annotations:
D:2 Robin


Message History

You hit the goblin but do no damage.
The goblin hits you but does no damage. x2
A kobold comes into view. It is wielding a +0 club.
The goblin hits you but does no damage.
You hit the goblin but do no damage.
The goblin hits you but does no damage. x3
You barely miss the goblin. The goblin hits you with a +0 club.
Robin roars a battlecry!
The goblins go into a battle-frenzy!
The goblin hits you with a +0 club. The goblin hits you but does no damage.
The goblin hits you with a +0 club.
Unknown command.
You hit the goblin.
The goblin is severely wounded.
The goblin hits you but does no damage. The goblin hits you with a +0 club.
* * * LOW HITPOINT WARNING * * *
Your plate armour prevents you from hitting the goblin.
The goblin is severely wounded.
The hobgoblin no longer looks unusually strong.
The goblin hits you but does no damage. x3; The goblin hits you with a +0 club.
* * * LOW HITPOINT WARNING * * *
You aren't carrying any potions.
Unknown command.
You aren't carrying any potions.
As you read the scroll labelled VUANI NAREOPPU, it crumbles to dust.
A profound silence engulfs you.
It was a scroll of silence.
The goblin hits you but does no damage. The goblin barely misses you.
You hit the goblin.
The goblin is severely wounded.
The goblin barely misses you. The goblin hits you with a +0 club.
* * * LOW HITPOINT WARNING * * *
The goblin hits you but does no damage. x2
You hit the goblin.
You kill the goblin!
The goblin no longer looks unusually strong. x2
The goblin hits you but does no damage. Robin throws the goblin at you!
The goblin hits you with a +0 club.
* * * LOW HITPOINT WARNING * * *
You hit the goblin.
The goblin is severely wounded.
The goblin hits you with a +1 dagger of venom.
You die...

#.............#
#.###....######
#.# #....# #.#
##...#
#.####...#
#........#
#######.># ##g#
#@# #g# #g#
......Bg..#
..gg...g..+
...gg.....#
.B........#
......?...#
........[.#


You could see Robin, a giant cockroach, a hobgoblin and 3 goblins.

Vanquished Creatures
  A dart slug (D:1)
  3 bats
  3 endoplasms (D:1)
  2 hobgoblins
  8 jackals
  2 quokkas (D:1)
  2 ball pythons (D:1)
  A frilled lizard (D:2)
  15 goblins
  4 kobolds (D:1)
  3 rats (D:1)
44 creatures vanquished.

Vanquished Creatures (others)
  A plant (D:1)
1 creature vanquished.

Grand Total: 45 creatures vanquished

Notes
Turn   | Place    | Note
-------+----------+-------------------------------------------
     0 | D:1      | leviel the Hill Orc Monk began the quest for the Orb.
     0 | D:1      | Reached XP level 1. HP: 19/19 MP: 1/1
     6 | D:1      | Noticed a wolf
     6 | D:1      | Noticed a komodo dragon
     6 | D:1      | Noticed a black mamba
     7 | D:1      | Noticed a polar bear
     7 | D:1      | Noticed a rime drake
    91 | D:1      | Reached XP level 2. HP: 22/26 MP: 2/2
   793 | D:1      | Reached XP level 3. HP: 33/33 MP: 3/3
  1082 | D:1      | Found a faded altar of an unknown god.
  1693 | D:2      | Noticed Robin
  1715 | D:2      | Reached skill level 1 in Armour
  1724 | D:2      | Slain by a goblin

Illustrated notes

Levels and vault maps discovered:
D:1:      onia_arrival_zoo_common, layout_loops_corners,
          hellmonk_ecumenical_altar_prayer_group, serial_forest,
          infiniplex_forest_clump_double, infiniplex_forest_lined_room_3,
          infiniplex_forest_end_1, infiniplex_forest_straight_2,
          infiniplex_forest_lined_ring, infiniplex_forest_clump_tiny
D:2:      minmay_recursive_quarters, layout_basic, uniq_natasha, uniq_robin

Skill      XL: |  1  2  3 |
---------------+----------+-----
Long Blades    | 4 |  4.2
Fighting       | 4 |  4.0
Armour         | 1 |  1.0
Dodging        | |  2.7
Stealth        | |  1.8

Action                   || total
-------------------------++-------
Melee: Falchion          ||   132
  Use: Scroll            ||     3
       Potion            ||     1
Armor: Robe              ||     4
       Chain mail        ||    94
       Plate armour      ||    29
Dodge: Dodged            ||    73
       Rpst.: Falchion   ||    30

Table legend: (Time is in decaauts)
 A = Elapsed time spent in this place.
 B = Non-inter-level travel time spent in this place.
 C = Inter-level travel time spent in this place.
 D = Time resting spent in this place.
 E = Time spent auto-exploring this place.
 F = Levels seen in this place.
 G = Mean time per level.
                   A        B        C        D        E       F      G
               +--------+--------+--------+--------+--------+-----+--------+
         Total |   1740 |   1675 |     65 |      0 |   1386 |   2 |  870.0 |
       Dungeon |   1740 |   1675 |     65 |      0 |   1386 |   2 |  870.0 |
               +--------+--------+--------+--------+--------+-----+--------+

Top non-repeatable levels by time:
     D:1: 1394 daAuts
     D:2: 346 daAuts
